 Dungeon Crawl Stone Soup version 0.30-a0-368-g86fb4627a9 (webtiles) character file.

Game seed: 4744572690341483706

1557 ryw the Trooper (level 8, 0/97 HPs)
             Began as a Demonspawn Fighter on Nov 19, 2022.
             Was an Initiate of Okawaru.
             Engulfed by a steam dragon's steam (2 damage)
             ... on level 6 of the Dungeon.
             The game lasted 00:10:55 (5219 turns).

ryw the Trooper (Demonspawn Fighter)                Turns: 5219, Time: 00:10:55

Health: 0/97       AC: 24    Str: 17 (19) XL:     8   Next: 58%
Magic:  8/8        EV:  2    Int:  8 (10) God:    Okawaru [......]
Gold:   345        SH:  0    Dex: 10 (12) Spells: 7/7 levels left

rFire   . . .      SeeInvis .    f - +2 broad axe (venom)
rCold   . . .      Faith    .    (no shield)
rNeg    . . .      Spirit   .    (body armour currently unavailable)
rPois   +          Reflect  .    (helmet currently unavailable)
rElec   .          Harm     .    (cloak currently unavailable)
rCorr   .          Rampage  .    (gloves currently unavailable)
Will    .....      NoTele   +    (boots currently unavailable)
Stlth   +.........               (no amulet)
HPRegen 0.36/turn                (no ring)
MPRegen 0.11/turn                (no ring)

@: confused, tree-form, ambrosia-drunk
A: stationary, stasis, torment immunity, boosted hp, (icy blue scales 1),
condensation shield, demonic magic 2, (demonic touch 1)
a: Renounce Religion


You were on level 6 of the Dungeon.
You worshipped Okawaru.
Okawaru was noncommittal.
You were a tree.
You visited 1 branch of the dungeon, and saw 6 of its levels.

You collected 345 gold pieces.

Inventory:

Hand Weapons
 f - a +2 broad axe of venom (weapon)
Missiles
 m - 10 boomerangs (quivered)
Armour
 b - the +5 scale mail "Tizucsix" (melded) {rF+ Stlth+}
   (You found it on level 5 of the Dungeon)

   rF:        It protects you from fire.
   Stlth:     It makes you more stealthy.
 h - a +0 cloak (melded)
 n - a +1 pair of boots (melded)
 r - a +0 helmet (melded)
Scrolls
 a - a scroll of enchant weapon {unknown}
 d - 3 scrolls of poison
 g - a scroll of teleportation {unknown}
 i - 2 scrolls of identify
Potions
 c - a potion of might
 j - 2 potions of curing
 l - a potion of magic
 o - a potion of attraction


   Skills:
 + Level 6.9 Fighting
 + Level 5.4 Axes
 + Level 6.3 Armour
 - Level 2.6 Shields
 - Level 2.0 Unarmed Combat


You had 7 spell levels left.
You didn't know any spells.
Your spell library contained the following spells:

 Spells                   Type           Power      Damage    Failure   Level
 Sublimation of Blood     Necr           0%         N/A       54%         2
 Gell's Gravitas          Tloc           0%         N/A       78%         3
 Lesser Beckoning         Tloc           0%         N/A       78%         3
 Teleport Other           Tloc           0%         N/A       78%         3
 Petrify                  Tmut/Erth      0%         N/A       99%         4
 Irradiate                Conj/Tmut      0%         3d11      100%        5


Dungeon Overview and Level Annotations

Branches:
Dungeon (6/15)
 Temple: D:4-7

Altars:
Ashenzari
Gozag
Okawaru
Uskayaw

Shops:
D:2 *


Innate Abilities, Weirdness & Mutations

You are a tree.
Your roots penetrate the ground, keeping you stationary.
You cannot be teleported.
You are immune to unholy pain and torment.
Your maximum health is greatly increased.
Your equipment is partially melded.
((You are partially covered in icy blue scales. (AC +2)))
A meltable shield of frost defends you. (SH +0)
Spells you cast may paralyse nearby enemies.
((Your touch may inflict minor irresistible damage on your foes.))


Message History

Unknown command.
The steam dragon attacks as you move away!
The steam dragon bites you.
* * * LOW HITPOINT WARNING * * *
The steam dragon claws you but does no damage.
Your attacks no longer feel as feeble.
It was a potion of degeneration.
There was something very wrong with that liquid.
You feel weakened.
You feel dopey.
You feel clumsy.
The steam dragon bites you but does no damage.
The steam dragon barely misses you.
It was a potion of lignification.
You turn into a tree.
Your +0 cloak melds into your body.
Your +0 helmet melds into your body.
Your +1 pair of boots melds into your body.
The +5 scale mail "Tizucsix" {rF+ Stlth+} melds into your body.
Your roots penetrate the ground.
You are engulfed in a cloud of scalding steam.
The steam dragon bites you but does no damage.
The steam dragon claws you but does no damage.
You slice the steam dragon!!
The steam dragon is heavily wounded.
You barely miss the phantom.
The phantom hits you but does no damage.
The steam dragon breathes steam at you. The ball of steam hits you!
* * * LOW HITPOINT WARNING * * *
The steam dragon bites you but does no damage.
The steam dragon barely misses you. The phantom completely misses you.
You hit the steam dragon.
The steam dragon is severely wounded.
You barely miss the phantom.
You are engulfed in a cloud of scalding steam.
* * * LOW HITPOINT WARNING * * *
The steam dragon breathes steam at you.
The ball of steam hits you but does no damage.
The phantom hits you but does no damage.
You are confused.
You feel invigorated.
You are engulfed in a cloud of scalding steam.
You die...

..####. #..#..#
....#..##..#.##
..........)))#
.##....#.))#####
......)))..##...
......))......#
......#c#.#.###
......#D#...####
..... #§♣W.....#
.... #..§####..
.... ...### #
...### .....
##.# ... .#


You could see a steam dragon (catching breath), a phantom and a centaur.

Vanquished Creatures
  Sigmund (D:2)
  Edmund (D:4)
  An ice beast (D:6)
  The ghost of purpskrrrp the Magician, an amateur DECj (D:3)
  A necrophage (D:6)
  Blork the orc (D:5)
  2 scorpions (D:5)
  Crazy Yiuf (D:4)
  A gnoll bouda (D:4)
  3 hounds (D:5)
  4 orc priests
  3 jellies
  4 iguanas
  4 orc wizards
  Robin (D:4)
  11 gnolls
  3 adders
  3 shadow imps (D:5)
  An ufetubus (D:5)
  2 worms
  A dart slug (D:4)
  24 orcs
  4 bats
  7 endoplasms
  5 giant cockroaches
  18 goblins
  7 hobgoblins
  6 quokkas
  7 ball pythons
  3 frilled lizards
  6 kobolds
  5 rats
142 creatures vanquished.

Vanquished Creatures (others)
  A gnoll bouda (D:6)
  2 gnolls (D:6)
  5 fungi (D:4)
8 creatures vanquished.

Grand Total: 150 creatures vanquished

Notes
Turn   | Place    | Note
-------+----------+-------------------------------------------
     0 | D:1      | ryw the Demonspawn Fighter began the quest for the Orb.
     0 | D:1      | Reached XP level 1. HP: 18/18 MP: 1/1
    32 | D:1      | Found a faded altar of an unknown god.
   250 | D:1      | Gained mutation: Your touch may inflict minor irresistible
                  | damage on your foes. [demonic ancestry]
   250 | D:1      | Reached XP level 2. HP: 24/24 MP: 2/2
   889 | D:2      | Gained mutation: Spells you cast may paralyse adjacent
                  | enemies. [demonic ancestry]
   889 | D:2      | Reached XP level 3. HP: 29/29 MP: 3/3
   938 | D:2      | Noticed Sigmund
   944 | D:2      | Killed Sigmund
   945 | D:2      | Reached XP level 4. HP: 29/38 MP: 4/4
   945 | D:2      | Gained mutation: You are partially covered in icy blue
                  | scales. (AC +2) [demonic ancestry]
   945 | D:2      | Reached XP level 5. HP: 33/43 MP: 5/5
  1250 | D:2      | Found Qanu's General Store.
  1818 | D:3      | Reached XP level 6. HP: 37/49 MP: 6/6
  1880 | D:3      | Noticed purpskrrrp's ghost (amateur DECj)
  1881 | D:3      | Found a runed translucent door.
  2467 | D:3      | Killed purpskrrrp's ghost
  2833 | D:4      | Reached skill level 5 in Fighting
  2850 | D:4      | Noticed Edmund
  3187 | D:4      | Gained mutation: A meltable shield of frost defends you.
                  | (SH +0) [demonic ancestry]
  3187 | D:4      | Reached XP level 7. HP: 56/56 MP: 7/7
  3481 | D:4      | Killed Edmund
  3482 | D:4      | Reached skill level 5 in Armour
  3870 | D:4      | Noticed Robin
  3890 | D:4      | Killed Robin
  4057 | D:4      | Found a runed translucent door.
  4058 | D:4      | Noticed Crazy Yiuf
  4065 | D:4      | Killed Crazy Yiuf
  4179 | D:5      | Entered Level 5 of the Dungeon
  4263 | D:5      | Identified the +5 scale mail "Tizucsix" {rF+ Stlth+}
  4296 | D:5      | Noticed Blork the orc
  4300 | D:5      | Killed Blork the orc
  4301 | D:5      | Gained mutation: Spells you cast may paralyse nearby
                  | enemies. [demonic ancestry]
  4301 | D:5      | Reached XP level 8. HP: 46/64 MP: 8/8
  4778 | D:5      | Found a broken altar of Ashenzari.
  4779 | D:5      | Found an iron altar of Okawaru.
  4780 | D:5      | Found an opulent altar of Gozag.
  4781 | D:5      | Found a hide-covered altar of Uskayaw.
  4787 | D:5      | Became a worshipper of Warmaster Okawaru
  5071 | D:6      | Reached skill level 5 in Axes
  5218 | D:6      | HP: 1/97 [steam dragon] (13)]
  5219 | D:6      | Engulfed by a steam dragon's steam

Illustrated notes

Levels and vault maps discovered:
D:1:      dpeg_arrival_simpleton_c, layout_basic, ebering_ecumenical_altar_mist
D:2:      layout_basic, serial_shops, shop, uniq_sigmund
D:3:      layout_loops_ring, hellmonk_ghost_happy_afterlife
D:4:      layout_loops_ring, uniq_crazy_yiuf_cottage, uniq_edmund, uniq_robin
D:5:      layout_cave_pools, mainiacjoe_overflow_alcove_3, cheibrodos_gnoll_hut,
          uniq_blork_the_orc
D:6:      layout_rooms, grunt_temple_overflow_holy_war, serial_shops,
          kennysheep_little_box

Skill      XL: |  1  2  3  4  5  6  7  8 |
---------------+-------------------------+-----
Unarmed Combat | 2 |  2.0
Armour         | 3 4 5 6 |  6.3
Fighting       | 4 5 6 |  6.9
Axes           | 2 3 4 5 |  5.4
Shields        | |  2.6

Action                   |  1- 3 |  4- 6 |  7- 9 || total
-------------------------+-------+-------+-------++-------
Melee: Unarmed           |    74 |       |       ||    74
       Broad axe         |    23 |    95 |   152 ||   270
       Touch             |     5 |    11 |    24 ||    40
       Punch             |     2 |     3 |     2 ||     7
  Use: Scroll            |     3 |     5 |       ||     8
       Potion            |       |       |     3 ||     3
Armor: Scale mail        |    35 |    25 |    51 ||   111
       Ring mail         |       |    33 |    41 ||    74
       Skin              |       |       |     7 ||     7
Dodge: Dodged            |    41 |    48 |    84 ||   173
Block: Buckler           |    12 |       |       ||    12
       Other             |       |       |    20 ||    20

Table legend: (Time is in decaauts)
 A = Elapsed time spent in this place.
 B = Non-inter-level travel time spent in this place.
 C = Inter-level travel time spent in this place.
 D = Time resting spent in this place.
 E = Time spent auto-exploring this place.
 F = Levels seen in this place.
 G = Mean time per level.
                   A        B        C        D        E       F      G
               +--------+--------+--------+--------+--------+-----+--------+
         Total |   5336 |   5132 |    204 |    705 |   3349 |   6 |  889.3 |
       Dungeon |   5336 |   5132 |    204 |    705 |   3349 |   6 |  889.3 |
               +--------+--------+--------+--------+--------+-----+--------+

Top non-repeatable levels by time:
     D:4: 1365 daAuts
     D:3: 1174 daAuts
     D:2: 1038 daAuts
     D:5: 841 daAuts
     D:1: 740 daAuts
     D:6: 176 daAuts
